AoeStats
← Gorlami

Black Forest

504861810Analyzed
4v4 RM · 24d ago on Sep 6, 2026· 46m 5s· 8 players
Game mode
Random Map
Map size
Large (8 player)
Population
200
Speed
Normal
Resources
Standard
Victory
Conquest
Starting age
Dark Age
Ending age
Imperial Age
RankedLock teamsTeams togetherTeam positionsShared explorationLock speedFull tech treeHidden civsTurbo modeCheats
Victory
Defeat
🇦🇺 Vikings · Australia
1861
+11
🇨🇭 Khmer · Switzerland
1810
+13
🇦🇷 Sicilians · Argentina
1695
+18
🇪🇸 Chinese · Spain
1642
+20
🇦🇷 Jurchens · Argentina
1806
-18
🇦🇷 Japanese · Argentina
1764
-16
🇦🇷 Ethiopians · Argentina
1707
-14
🇦🇷 Cumans · Argentina
1704
-14
[BÜN] Schmirgel
1:10 Loom
11:08 Feudal Age
11:54 Double-Bit Axe
16:54 Town Watch
22:29 Castle Age
20:42 Fishing Lines
23:38 Gillnets
23:43 Stone Mining
24:07 Bow Saw
26:27 Horse Collar
27:24 Heavy Plow
28:35 Fletching
29:16 Bodkin Arrow
34:32 Imperial Age
33:43 Wheelbarrow
34:01 Gold Mining
35:24 Ballistics
35:32 Bracer
36:49 Chemistry
36:25 Caravan
37:01 Conscription
37:02 Siege Engineers
37:51 Double Crossbow
38:41 Masonry
39:35 Bloodlines
39:26 Husbandry
40:09 Architecture
39:25 Elite Ballista Elephant
42:36 Hoardings
42:40 Architecture
43:29 Elite Battle Elephant
44:30 Scale Barding Armor
44:47 Forging
45:42 Chain Barding Armor
45:32 Tusk Swords
47:02 Iron Casting
0653599
11:58 Feudal Age
12:32 Double-Bit Axe
15:32 Castle Age
16:23 Bow Saw
16:19 Fishing Lines
17:18 Gillnets
19:39 Gold Mining
19:46 Stone Mining
20:54 Horse Collar
21:47 Heavy Plow
27:22 Imperial Age
24:48 Treadmill Crane
25:41 Fletching
26:16 Ballistics
26:40 Gold Shaft Mining
26:23 Bodkin Arrow
27:26 Padded Archer Armor
27:00 Crossbowman
27:58 Masonry
28:07 Bracer
28:12 Onager
28:59 Arbalester
31:01 Chemistry
29:23 Elite Skirmisher
30:52 Leather Archer Armor
31:07 Conscription
33:04 Ring Archer Armor
34:46 Siege Engineers
35:01 Bogsveigar
41:24 Loom
42:13 Caravan
45:07 Elite Skirmisher
(PNG)Ludovicum95
11:23 Feudal Age
13:16 Double-Bit Axe
15:43 Castle Age
14:49 Horse Collar
16:50 Bow Saw
17:03 Heavy Plow
23:00 Scale Mail Armor
25:26 Gold Mining
25:28 Stone Mining
26:32 Wheelbarrow
28:13 Hand Cart
31:00 Imperial Age
28:54 Squires
29:10 Chain Mail Armor
29:06 Forging
30:22 Gold Shaft Mining
30:27 Stone Shaft Mining
31:46 Iron Casting
31:04 Elite Fire Lancer
32:17 Plate Mail Armor
31:47 Heavy Rocket Cart
32:49 Conscription
32:57 Rocketry
32:25 Loom
33:50 Chemistry
34:35 Ballistics
34:56 Arson
36:52 Pikeman
40:24 Halberdier
41:07 Fletching
42:19 Blast Furnace
41:31 Masonry
41:29 Guard Tower
41:25 Arrowslits
43:26 Bodkin Arrow
43:48 Great Wall
45:04 Architecture
45:12 Keep
44:40 Bracer
45:46 Caravan
atamispeed754
0:40 Loom
15:32 Feudal Age
16:18 Double-Bit Axe
17:56 Fishing Lines
20:46 Castle Age
19:54 Town Watch
22:09 Bow Saw
22:51 Horse Collar
23:24 Gillnets
25:58 Wheelbarrow
30:59 Imperial Age
28:59 Hand Cart
28:51 Scale Barding Armor
29:26 Gold Mining
30:11 Chain Barding Armor
29:55 Heavy Plow
30:39 Forging
31:31 Gold Shaft Mining
31:55 Bloodlines
31:45 Husbandry
32:28 Plate Barding Armor
31:18 Cavalier
32:35 Conscription
33:57 Iron Casting
33:53 Caravan
35:02 Hauberk
36:23 Blast Furnace
38:20 Stone Mining
39:08 Coinage
40:10 Guilds
40:29 Scale Mail Armor
41:27 Chain Mail Armor
43:16 Plate Mail Armor
42:48 Elite Serjeant
44:07 Crop Rotation
44:25 Banking
44:37 First Crusade
43:55 Light Cavalry
45:55 Hoardings
45:32 Masonry
45:09 Arson
45:25 Squires
44:55 Capped Ram
RománMás3
1:13 Loom
15:02 Feudal Age
18:42 Castle Age
16:37 Horse Collar
17:13 Double-Bit Axe
19:46 Bow Saw
19:38 Heavy Plow
20:28 Wheelbarrow
19:39 Town Watch
24:44 Gold Mining
24:44 Stone Mining
28:32 Hand Cart
32:22 Imperial Age
30:08 Town Patrol
30:40 Fletching
31:35 Gold Shaft Mining
32:06 Ballistics
31:49 Bodkin Arrow
31:55 Padded Archer Armor
33:48 Bracer
34:04 Leather Archer Armor
33:11 Crossbowman
33:56 Thumb Ring
35:22 Chemistry
34:35 Arbalester
36:18 Two-Man Saw
36:14 Conscription
36:40 Ring Archer Armor
39:51 Masonry
41:25 Elite Skirmisher
45:58 Siege Engineers
MUERE CACA
1:03 Loom
12:37 Feudal Age
16:23 Double-Bit Axe
17:43 Town Watch
17:48 Horse Collar
26:21 Castle Age
25:48 Scale Barding Armor
25:54 Forging
25:46 Fishing Lines
27:20 Bloodlines
27:46 Bow Saw
28:39 Gold Mining
29:35 Wheelbarrow
31:17 Chain Barding Armor
34:41 Imperial Age
32:27 Hand Cart
32:52 Gold Shaft Mining
32:08 Stone Mining
33:02 Heavy Plow
33:57 Iron Casting
33:38 Fletching
35:01 Cavalier
36:26 Arson
36:42 Paladin
38:37 Gillnets
40:08 Plate Barding Armor
40:34 Blast Furnace
42:15 Caravan
43:57 Conscription
43:37 Light Cavalry
45:51 Pikeman
Gorlami
5:38 Loom
12:06 Feudal Age
13:02 Double-Bit Axe
15:41 Castle Age
16:57 Bow Saw
20:45 Siege Engineers
21:32 Horse Collar
26:47 Gold Mining
29:34 Wheelbarrow
28:49 Fishing Lines
33:45 Imperial Age
31:32 Hand Cart
31:22 Gillnets
34:05 Squires
34:07 Scale Mail Armor
34:18 Forging
34:06 Elite Fire Lancer
34:18 Heavy Rocket Cart
38:29 Chemistry
38:06 Chain Mail Armor
38:26 Iron Casting
38:21 Conscription
38:16 Thunderclap Bombs
38:12 Fortified Bastions
38:48 Hoardings
39:25 Fletching
40:29 Coinage
42:42 Blast Furnace
43:06 Banking
42:49 Caravan
44:00 Guilds
MiMo
10:51 Feudal Age
15:17 Castle Age
14:46 Double-Bit Axe
16:10 Bow Saw
18:18 Wheelbarrow
23:38 Horse Collar
28:34 Imperial Age
26:12 Heavy Plow
27:16 Masonry
26:53 Treadmill Crane
27:18 Guard Tower
27:18 Fletching
28:38 Hand Cart
28:47 Scale Mail Armor
28:57 Forging
29:15 Ballistics
28:48 Pikeman
29:28 Squires
28:54 Man-at-Arms
29:19 Gambesons
29:50 Loom
30:09 Gold Mining
30:10 Stone Mining
31:40 Chemistry
30:36 Bodkin Arrow
31:07 Padded Archer Armor
32:20 Conscription
34:18 Kataparuto
33:21 Long Swordsman
34:06 Bracer
34:21 Chain Mail Armor
34:42 Iron Casting
34:47 Keep
33:34 Pikeman
35:00 Elite Skirmisher
36:26 Leather Archer Armor
36:29 Halberdier
37:57 Plate Mail Armor
38:27 Blast Furnace
41:10 Yasama
Connection lost

Rejoining the realm…

Still unreachable

The connection could not be restored.

Session expired

The server has moved on; the page needs a fresh start.